 Dungeon Crawl Stone Soup version 0.24-a0-375-g4de66ed42b (webtiles) character file.

Game seed: 15686282767478360490

284 Goodini51 the Ruffian (level 6, -8/61 HPs)
             Began as a Troll Monk on May 31, 2019.
             Mangled by Duvessa
             ... wielding a +0 short sword
              (15 damage)
             ... on level 4 of the Dungeon.
             The game lasted 00:07:10 (2399 turns).

Goodini51 the Ruffian (Troll Monk)                  Turns: 2399, Time: 00:07:11

Health: -8/61      AC:  6    Str: 22    XL:     6   Next: 7%
Magic:  0/5        EV: 11    Int:  6    God:
Gold:   75         SH:  0    Dex: 12    Spells: 5/5 levels left

rFire    . . .     SeeInvis .     - Unarmed
rCold    . . .     Gourm    +   (no shield)
rNeg     . . .     Faith    .   a - +0 robe
rPois    .         Spirit   +   (helmet restricted)
rElec    .         Reflect  .   d - scarf {Spirit}
rCorr    .         Harm     .   (gloves unavailable)
MR       +....                  (boots unavailable)
Stlth    ++........             h - amulet of regeneration
HPRegen  1.00/turn              f - ring of protection from magic
MPRegen  0.09/turn              (no ring)

@: no status effects
A: large, unfitting armour, claws 3, fast metabolism 3, gourmand, regeneration
1, shaggy fur 1, tough skin 3
a: no special abilities


You were on level 4 of the Dungeon.
You were not hungry.

You visited 1 branch of the dungeon, and saw 4 of its levels.
You also visited: Sewer.

You collected 75 gold pieces.

Inventory:

Armour
 a - a +0 robe (worn)
 d - a scarf of spirit shield (worn)
Jewellery
 f - a ring of protection from magic (left claw)
 h - an amulet of regeneration (around neck)
Scrolls
 c - 2 scrolls of blinking {unknown}
 e - a scroll of amnesia {unknown}
 g - a scroll of identify {unknown}
 i - 3 scrolls of remove curse {unknown}
 k - a scroll of immolation {unknown}
 n - 3 scrolls of teleportation {unknown}
 o - 2 scrolls of magic mapping {unknown}
 p - a scroll of fear {unknown}
 q - a scroll of fog {unknown}
Potions
 j - a potion of magic {unknown}
 l - 2 potions of lignification {unknown}
 m - a potion of haste {unknown}
Comestibles
 b - 7 rations


   Skills:
 * Level 3.2 Fighting
 + Level 3.1 Dodging
 + Level 1.4 Stealth
 * Level 5.5 Unarmed Combat


You had 5 spell levels left.
You didn't know any spells.
Your spell library was empty.

Dungeon Overview and Level Annotations

Branches:
Dungeon (4/15)
 Temple: D:4-7

Altars:

Shops:
D:4 =

Annotations:
D:4 Duvessa


Innate Abilities, Weirdness & Mutations

You are too large for most types of armour.
You have claws for hands.
Your metabolism is lightning-fast.
You like to eat raw meat.
Your natural rate of healing is unusually fast.
You are covered in fur. (AC +1)
You have extremely tough skin. (AC +3)


Message History

Duvessa hits you with a +0 short sword! Duvessa closely misses you.
You scratch Duvessa.
Duvessa is moderately wounded.
Duvessa hits you with a +0 short sword.
You scratch Duvessa but do no damage.
Duvessa is moderately wounded.
Duvessa hits you with a +0 short sword!
* * * LOW HITPOINT WARNING * * *
Duvessa hits you with a +0 short sword.
* * * LOW HITPOINT WARNING * * *
You claw Duvessa!
Duvessa is heavily wounded.
Duvessa hits you with a +0 short sword!
* * * LOW HITPOINT WARNING * * *
Duvessa misses you.
You see here 12 gold pieces.
Duvessa closely misses you.
Duvessa rages.
Duvessa hits you with a +0 short sword!
You die...

####.##.###8#..##
.........#......#
.........#......+
....+..<.+......#
....###.........###+#
.$...................
.....................
............)........
.......@e.$..........
.....########.....##
..... #.....# ....
#.....# #.....#
#.....# ##....# ....#
....+


You could see Duvessa (berserk).

Vanquished Creatures
  Purgy (Sewer)
  Dowan (D:4)
  An orc wizard (D:3)
  5 adders
  A worm (D:2)
  A dart slug (D:3)
  A leopard gecko (D:3)
  2 orcs (D:3)
  2 giant cockroaches
  9 hobgoblins
  2 quokkas
  3 ball pythons
  10 bats
  11 frilled lizards
  10 goblins
  7 kobolds
  11 rats
78 creatures vanquished.

Notes
Turn   | Place    | Note
-------+----------+-------------------------------------------
     0 | D:1      | Goodini51 the Troll Monk began the quest for the Orb.
     0 | D:1      | Reached XP level 1. HP: 22/22 MP: 0/0
   108 | D:1      | Reached XP level 2. HP: 26/29 MP: 1/1
   482 | D:1      | Reached XP level 3. HP: 36/36 MP: 2/2
   992 | D:2      | Found a faded altar of an unknown god.
  1097 | D:2      | Reached skill level 4 in Unarmed Combat
  1275 | D:2      | Reached XP level 4. HP: 44/44 MP: 3/3
  1820 | D:3      | Found a glowing drain.
  1841 | Sewer    | Entered a sewer
  1859 | Sewer    | Noticed Purgy
  1867 | Sewer    | Killed Purgy
  1867 | Sewer    | Reached skill level 5 in Unarmed Combat
  1867 | Sewer    | Reached XP level 5. HP: 51/53 MP: 4/4
  2372 | D:4      | Noticed Dowan
  2373 | D:4      | Found Muki's Jewellery Emporium.
  2385 | D:4      | Killed Dowan
  2385 | D:4      | Reached XP level 6. HP: 55/61 MP: 5/5
  2385 | D:4      | Noticed Duvessa
  2394 | D:4      | HP: 2/61 [Duvessa/+0 short sword (8)]
  2399 | D:4      | Mangled by Duvessa

Levels and vault maps discovered:
D:1:      dpeg_arrival_oval, layout_basic, minmay_misc_feat_x,
          chequers_serial_rivers_small_3, minmay_tetromino_i4
D:2:      layout_basic, chequers_ecumenical_altar_grove, st_stairs_9,
          grunt_decor_arrowhead, kennysheep_generic_room_12
D:3:      layout_loops_corners, portal_sewer_entry_a, first_ration
D:4:      layout_gridville, overflow_temple_1_default, led_xom_imps,
          nicolae_ru_path_of_blood, serial_shops, nicolae_shop_stone, shop,
          nicolae_shop_statue_plus, nicolae_shop_behind_doors, shop_scrolls,
          uniq_duvessa

Skill      XL: |  1  2  3  4 |
---------------+-------------+-----
Unarmed Combat | 4 5 |  5.5
Fighting       | 3 |  3.2
Dodging        | 3 |  3.1
Stealth        | |  1.4

Action                   |  1- 3 |  4- 6 || total
-------------------------+-------+-------++-------
Melee: Unarmed           |   100 |    88 ||   188
       Punch             |     2 |     1 ||     3
 Stab: Sleeping          |     2 |     3 ||     5
  Eat: Chunk             |    17 |     6 ||    23
Armor: Robe              |    45 |    24 ||    69
Dodge: Dodged            |    49 |    47 ||    96

Table legend:
 A = Non-vault XP
 B = Vault XP
 C = Vault XP percentage of total XP
 D = Non-vault monster count
 E = Vault monster count
 F = Vault count percentage of total count
                 A         B        C        D         E       F
            +---------+---------+-------+---------+---------+-------
      Total |     185 |     222 |  54.5 |      57 |      21 |  26.9
            +---------+---------+-------+---------+---------+-------
        D:1 |      38 |       5 |  11.6 |      26 |       3 |  10.3
        D:2 |      51 |       7 |  12.1 |      15 |       5 |  25.0
        D:3 |      96 |       4 |   4.0 |      16 |       4 |  20.0
        D:4 |       0 |      69 | 100.0 |       0 |       1 | 100.0
      Sewer |       0 |     137 | 100.0 |       0 |       8 | 100.0
            +---------+---------+-------+---------+---------+-------
